 Dungeon Crawl Stone Soup version 0.22-a0-271-gc000056 (webtiles) character file.

108 nikopol the Firebug (level 4, -3/24 HPs)
             Began as a Deep Elf Fire Elementalist on Mar 10, 2018.
             Killed from afar by nikopol's ghost (12 damage)
             ... with a puff of flame
             ... on level 3 of the Dungeon.
             The game lasted 00:06:34 (2444 turns).

nikopol the Firebug (Deep Elf Fire Elementalist)    Turns: 2444, Time: 00:06:35

Health: -3/24      AC:  3    Str:  5    XL:     4   Next: 58%
Magic:  5/12       EV: 13    Int: 21    God:
Gold:   94         SH:  0    Dex: 15    Spells: 5/11 levels left

rFire    . . .     SeeInvis .   (no weapon)
rCold    . . .     Gourm    .   (no shield)
rNeg     . . .     Faith    .   a - +0 robe
rPois    .         Spirit   .   (no helmet)
rElec    .         Reflect  .   (no cloak)
rCorr    .         Harm     .   j - +0 pair of gloves
MR       .....                  (no boots)
Stlth    ++........             (no amulet)
HPRegen  0.08/turn              s - ring of wizardry
MPRegen  0.13/turn              (no ring)

@: no status effects
A: no striking features
a: no special abilities


You were on level 3 of the Dungeon.
You were hungry.

You visited 1 branch of the dungeon, and saw 3 of its levels.

You collected 94 gold pieces.

Inventory:

Armour
 a - a +0 robe (worn)
 j - a +0 pair of gloves (worn)
Jewellery
 s - a ring of wizardry (left hand)
Scrolls
 e - a scroll of identify {unknown}
 f - 2 scrolls of random uselessness {unknown}
 h - 3 scrolls of amnesia {unknown}
 i - a scroll of immolation {unknown}
 l - a scroll of fog {unknown}
 m - 3 scrolls of remove curse {unknown}
 n - a scroll of fear {unknown}
 p - a scroll of teleportation {unknown}
 r - a scroll of blinking {unknown}
Potions
 b - a potion of brilliance {unknown}
 d - a potion of curing {unknown}
 g - 2 potions of might {unknown}
 k - a potion of haste {unknown}
 o - a potion of resistance {unknown}
 t - a potion of agility {unknown}
Comestibles
 c - 3 rations
 q - 3 chunks of flesh


   Skills:
 + Level 2.9 Dodging
 + Level 3.0 Stealth
 + Level 4.3 Spellcasting
 + Level 2.1 Conjurations
 + Level 4.3 Fire Magic


You had 5 spell levels left.
You knew the following spells:

 Your Spells              Type           Power        Failure   Level  Hunger
a - Flame Tongue          Conj/Fire      ###..        1%          1    None
b - Throw Flame           Conj/Fire      ###...       1%          2    #......
c - Conjure Flame         Conj/Fire      ###.....     3%          3    ##.....


Dungeon Overview and Level Annotations

Branches:
Dungeon (3/15)

Altars:

Annotations:
D:3 nikopol's ghost, amateur DEFE


Message History

Casting: Flame Tongue (safe; 1% risk of failure)
Confirm with . or Enter, or press ? or * to list all spells.
Aiming: Flame Tongue (safe; 1% risk of failure)
Press: ? - help, Shift-Dir - straight line, f/p - nikopol's ghost
Aim: nikopol's ghost The flame tongue hits nikopol's ghost.
Nikopol's ghost is lightly damaged.
Nikopol's ghost gestures at you while chanting.
The flame tongue hits you!
Ouch! That really hurt!
Casting: Flame Tongue (safe; 1% risk of failure)
Confirm with . or Enter, or press ? or * to list all spells.
Aiming: Flame Tongue (safe; 1% risk of failure)
Press: ? - help, Shift-Dir - straight line, f/p - nikopol's ghost
Aim: nikopol's ghost (lightly damaged)
The flame tongue misses nikopol's ghost.
Nikopol's ghost casts a spell at you. The puff of flame hits you!
Ouch! That really hurt!
You die...

#.............###.#.#
#....#####.##.# #.#.#
.....# #.##.# #.#.#
###### #.##.###.#.#
#.#...##.#.#
#..........#####
###...##.<.....#
######.#########.###..
#........@.....§W..<....
#.########.#####.###....
#......... :.
#######.#.# #.. .# #..
.. #.. #


You could see nikopol's ghost.

Vanquished Creatures
  An orc wizard (D:3)
  2 adders (D:2)
  A worm (D:2)
  2 dart slugs
  A leopard gecko (D:2)
  3 orcs (D:3)
  7 bats
  A giant cockroach (D:1)
  9 goblins
  7 hobgoblins
  4 frilled lizards
  3 kobolds
  11 rats
52 creatures vanquished.

Notes
Turn   | Place    | Note
-------+----------+-------------------------------------------
     0 | D:1      | nikopol the Deep Elf Fire Elementalist began the quest for the Orb.
     0 | D:1      | Reached XP level 1. HP: 10/10 MP: 6/6
   304 | D:1      | Reached XP level 2. HP: 15/15 MP: 2/8
  1133 | D:2      | Reached XP level 3. HP: 19/19 MP: 6/9
  1834 | D:3      | Noticed nikopol's ghost (amateur DEFE)
  1890 | D:2      | Learned a level 2 spell: Throw Flame
  1894 | D:2      | Learned a level 3 spell: Conjure Flame
  2084 | D:3      | Reached XP level 4. HP: 24/24 MP: 3/12
  2444 | D:3      | Killed from afar by nikopol's ghost

Vault maps used:
D:1:      minmay_arrival_checkered_box
D:2:      minivault_27

Skill      XL: |  1  2  3  4 |
---------------+-------------+-----
Fire Magic     | 4 |  4.3
Stealth        | 3 |  3.0
Spellcasting   | 4 |  4.3
Conjurations   | 2 |  2.1
Dodging        | |  2.9

Action                   |  1- 3 |  4- 6 || total
-------------------------+-------+-------++-------
Melee: Unarmed           |     1 |       ||     1
 Cast: Flame Tongue      |    70 |    21 ||    91
       Conjure Flame     |     1 |     1 ||     2
       Throw Flame       |       |     1 ||     1
  Eat: Chunk             |     3 |     1 ||     4
Armor: Robe              |     4 |       ||     4
Dodge: Dodged            |    20 |     4 ||    24

Table legend:
 A = Spawn XP
 B = Non-spawn XP
 C = Spawn XP percentage of total XP
 D = Spawn monster count
 E = Non-spawn monster count
 F = Spawn count percentage of total count
 G = Total turns spent on level
                    A         B        C        D         E        F      G
               +---------+---------+-------+---------+---------+-------+---------
         Total |       0 |     155 |   0.0 |       0 |      52 |   0.0 |  2444
               +---------+---------+-------+---------+---------+-------+---------
           D:1 |       0 |      35 |   0.0 |       0 |      21 |   0.0 |  1131
           D:2 |       0 |      57 |   0.0 |       0 |      21 |   0.0 |   924
           D:3 |       0 |      63 |   0.0 |       0 |      10 |   0.0 |   389
               +---------+---------+-------+---------+---------+-------+---------
